 Dungeon Crawl Stone Soup version 0.29.0-15-g675c0067aa (webtiles) character file.

Game seed: 13842843824420621215

2 qw the Sneak (level 1, 0/14 HPs)
             Began as a Gargoyle Delver on Sept 11, 2022.
             Slain by a black bear (2 damage)
             ... on level 4 of the Dungeon.
             The game lasted 00:00:04 (386 turns).

qw the Sneak (Gargoyle Delver)                       Turns: 386, Time: 00:00:05

Health: 0/14       AC:  5    Str: 15    XL:     1   Next: 40%
Magic:  1/1        EV: 11    Int: 10    God:
Gold:   26         SH:  0    Dex: 11    Spells: 0/0 levels left

rFire   . . .      SeeInvis .   e - +1 hand axe (freeze)
rCold   . . .      Faith    .   (no shield)
rNeg    + . .      Spirit   .   b - +0 leather armour
rPois   inf        Reflect  .   (no helmet)
rElec   +          Harm     .   (no cloak)
rCorr   .          Rampage  .   (no gloves)
Will    .....                   (no boots)
Stlth   +++.......              (no amulet)
HPRegen 0.04/turn               (no ring)
MPRegen 0.07/turn               (no ring)

@: no status effects
A: sickness immunity, AC +2, negative energy resistance 1, electricity
resistance, torment resistance 1, petrification resistance
a: no special abilities


You were on level 4 of the Dungeon.
You visited 1 branch of the dungeon, and saw 2 of its levels.

You collected 26 gold pieces.


Innate Abilities, Weirdness & Mutations

You are immune to sickness and miasma.
Your stone body is resilient. (AC +2)
You are immune to poison.
You resist negative energy. (rN+)
You are resistant to electric shocks. (rElec)
You are resistant to unholy torment.
You are immune to petrification.


   Skills:
 - Level 3.2 Fighting
 + Level 2.0 Axes
 - Level 1.5 Dodging
 - Level 5.4 Stealth


You couldn't memorise any spells.
You didn't know any spells.
Your spell library was empty.

Inventory:

Hand Weapons
 e - a +1 hand axe of freezing (weapon)
Armour
 b - a +0 leather armour (worn)
Wands
 g - a wand of digging (3)
Scrolls
 c - a scroll of immolation {unknown}
Potions
 d - a potion of curing {unknown}
 f - a potion of haste

Dungeon Overview and Level Annotations

Branches:
Dungeon (5/15)
 Temple: D:4-7

Altars:


Message History

A kobold comes into view. It is wielding a +0 dagger.
The kobold shouts!
Enter note: You closely miss the kobold.
You hear the slow rusting of a drain very nearby.
The kobold hits you but does no damage.
You hit the kobold. You freeze the kobold.
The kobold is heavily wounded.
The kobold hits you with a +0 dagger.
You closely miss the kobold.
The kobold is heavily wounded.
The kobold hits you with a +0 dagger.
You hit the kobold but do no damage.
The kobold is heavily wounded.
The kobold misses you. The kobold hits you but does no damage.
You closely miss the kobold.
The kobold is heavily wounded.
The kobold hits you with a +0 dagger.
You hit the kobold. You freeze the kobold.
You kill the kobold!
Your Axes skill increases to level 2!
You start resting.
You hear the rusting of a drain very nearby. x2
You hear the brisk rusting of a drain very nearby.
HP restored.
Things that are here:
a +0 dagger; a kobold corpse A black bear comes into view.
The black bear growls angrily.
You completely miss the black bear. The black bear barely misses you.
The black bear claws you. x2
You hit the black bear. You freeze the black bear.
The black bear is moderately wounded.
The black bear closely misses you. x2; The black bear claws you.
You hit the black bear. You freeze the black bear.
The black bear is heavily wounded.
The black bear closely misses you. x3; The black bear bites you.
The black bear claws you but does no damage.
The black bear claws you.
You die...

........##..........#...
........##.......#.##...
.........#.........##...
........................
........##..............
.###...)##..#####.......
..##....###.# # #......
........###.... .#####
.......@...### #
......h........ .
............~## .
...........~~~# .
$...........~.# #
..#........#~~# #
...........#.~#
......##### ~#


You could see a black bear.

Vanquished Creatures
  A ball python (D:4)
  A kobold (D:4)
2 creatures vanquished.

Notes
Turn   | Place    | Note
-------+----------+-------------------------------------------
     0 | D:5      | qw the Gargoyle Delver began the quest for the Orb.
     0 | D:5      | Reached XP level 1. HP: 14/14 MP: 1/1
     0 | D:5      | 0 ||| qw: Version: 0.1-a-117-gfe26ee0
     0 | D:5      | 0 ||| qw: Game counter: 10153
     0 | D:5      | 0 ||| qw: Always use a shield: true
     0 | D:5      | 0 ||| qw: God list: Okawaru
     0 | D:5      | 0 ||| qw: Allow faded altars: false
     0 | D:5      | 0 ||| qw: Do Orc after D:15 true
     0 | D:5      | 0 ||| qw: Do second Lair branch before Depths: true
     0 | D:5      | 0 ||| qw: Lair rune preference: random
     0 | D:5      | 0 ||| qw: Plans: Normal
     0 | D:5      | 0 ||| PLANNING D:1-11
     0 | D:5      | 0 ||| DROPPING scroll of fog.
     1 | D:5      | 1 ||| DROPPING scroll of magic mapping.
     2 | D:5      | 2 ||| DROPPING scroll of fear.
     9 | D:4      | 9 ||| PLANNING SEWER
   189 | D:4      | 189 ||| SWAPPING to +1 hand axe of freezing.
   190 | D:4      | 190 ||| DROPPING +0 hand axe.
   378 | D:4      | Noticed a black bear
   386 | D:4      | HP: 2/14 [black bear (3)]
   386 | D:4      | Slain by a black bear

Levels and vault maps discovered:
D:4:      layout_basic, kennysheep_mini_moat, gup_sewer_entry_pipe,
          uniq_grinder, uniq_sigmund, uniq_menkaure
D:5:      layout_basic, nicolae_shop_i_like_big_books

Skill      XL: |  1 |
---------------+----+-----
Axes           | 2 |  2.0
Fighting       | |  3.2
Dodging        | |  1.5
Stealth        | |  5.4

Action                   || total
-------------------------++-------
Melee: Hand axe          ||    12
Armor: Leather armour    ||     4
Dodge: Dodged            ||     8

Table legend:
 A = Non-vault XP
 B = Vault XP
 C = Vault XP percentage of total XP
 D = Non-vault monster count
 E = Vault monster count
 F = Vault count percentage of total count
                 A         B        C        D         E       F
            +---------+---------+-------+---------+---------+-------
      Total |       4 |       0 |   0.0 |       2 |       0 |   0.0
            +---------+---------+-------+---------+---------+-------
        D:4 |       4 |       0 |   0.0 |       2 |       0 |   0.0
            +---------+---------+-------+---------+---------+-------
